 Dungeon Crawl Stone Soup version 0.30.1-4-g462c640d31 (webtiles) character file.

Game seed: 1298708871648888540

19707 LynnLen the Covert (level 12, -5/60 HPs)
             Began as a Spriggan Enchanter on Sept 9, 2023.
             Was a Priest of Dithmenos.
             Slain by a bog body (17 damage)
             ... on level 3 of the Lair of Beasts.
             The game lasted 00:44:41 (15935 turns).

LynnLen the Covert (Spriggan Enchanter)            Turns: 15935, Time: 00:44:42

Health: -5/60      AC: 16    Str:  4    XL:     12   Next: 38%
Magic:  16/25      EV: 16    Int: 24    God:    Dithmenos [***...]
Gold:   61         SH:  8    Dex: 16    Spells: 5/28 levels left

rFire   . . .        K - +1 dagger (protect)
rCold   . . .        s - +3 buckler
rNeg    . . .        L - +2 robe {Will+}
rPois   .            (helmet restricted)
rElec   .            u - +0 cloak
rCorr   .            (gloves unavailable)
SInv    +            (boots unavailable)
Will    +++..        i - amulet of regeneration
Stlth   +++++++      e - ring of flight
HPRegen 1.10/turn    J - ring of Myifam Gosops {AC+4 Int+3}
MPRegen 0.19/turn

%: no passive effects
@: under a protective aura, flying, wreathed by umbra, very quick
A: very small, no large weapons, unfitting armour, see invisible, speed 3
a: Renounce Religion, Shadow Step


You were on level 3 of the Lair of Beasts.
You worshipped Dithmenos.
Dithmenos was most pleased with you.
You visited 3 branches of the dungeon, and saw 15 of its levels.

You collected 652 gold pieces.
You spent 591 gold pieces at shops.

Inventory:

Hand Weapons
 a - a +1 dagger
 K - a +1 dagger of protection (weapon)
Missiles
 I - 2 throwing nets
Armour
 j - +0 acid dragon scales
 s - a +3 buckler (worn)
 u - a +0 cloak (worn)
 H - a scarf of shadows
 L - a +2 robe of willpower (worn)
Jewellery
 e - a ring of flight (left hand)
 i - an amulet of regeneration (around neck)
 J - the ring of Myifam Gosops (right hand) {AC+4 Int+3}
   (You bought it in a shop on level 8 of the Dungeon)

   [ring of protection]

   AC:        It affects your AC (+4).
   Int:       It affects your intelligence (+3).
Wands
 d - a wand of flame (6)
 v - a wand of iceblast (18)
 x - a wand of digging (5)
 D - a wand of mindburst (9)
Scrolls
 b - a scroll of fear
 g - 5 scrolls of amnesia
 o - 2 scrolls of poison
 p - 4 scrolls of magic mapping
 r - 3 scrolls of fog
 w - a scroll of torment {unknown}
 y - 5 scrolls of teleportation
 z - a scroll of enchant weapon {unknown}
 C - a scroll of silence {unknown}
 E - 2 scrolls of vulnerability
 F - 2 scrolls of immolation
 G - 2 scrolls of blinking
 M - a scroll of brand weapon {unknown}
Potions
 c - a potion of invisibility
 f - 6 potions of mutation
 h - 2 potions of ambrosia
 k - a potion of attraction {unknown}
 m - 3 potions of flight
 n - 5 potions of curing
 q - a potion of haste {unknown}
 t - 3 potions of resistance {unknown}
 A - 3 potions of might
 B - a potion of brilliance {unknown}
Miscellaneous
 l - a phial of floods


   Skills:
 + Level 5.4 Fighting
 * Level 9.5 Short Blades
 - Level 2.6 Dodging
 + Level 11.4 Stealth
 + Level 4.7 Shields
 + Level 8.6 Spellcasting
 + Level 3.9 Conjurations
 + Level 9.5 Hexes
 + Level 4.7 Transmutations
 + Level 6.2 Ice Magic
 + Level 5.0 Invocations


You had 5 spell levels left.
You knew the following spells:

 Your Spells              Type           Power      Damage    Failure   Level
a - Ensorcelled Hibernat  Hex/Ice        96%        N/A       1%          2
b - Confusing Touch       Hex            54%        N/A       1%          3
c - Tukima's Dance        Hex            54%        N/A       1%          3
d - Freeze                Ice            100%       1d10      1%          1
e - Frozen Ramparts       Ice            80%        1d13      2%          3
f - Hailstorm             Conj/Ice       34%        3d9       4%          3
g - Ozocubu's Armour      Ice            40%        N/A       2%          3
h - Yara's Violent Unrav  Hex/Tmut       22%        3d10      16%         5

Your spell library contained the following spells:

 Spells                   Type           Power      Damage    Failure   Level
 Dazzling Flash           Conj/Hex       84%        N/A       1%          3
 Foxfire                  Conj/Fire      76%        2x1d7     4%          1
 Passwall                 Tmut/Erth      17%        N/A       6%          2
 Momentum Strike          Conj/Tloc      38%        3d9       8%          2
 Static Discharge         Conj/Air       38%        2-4/arc   8%          2
 Sandblast                Erth           20%        2d7       11%         1
 Metabolic Englaciation   Hex/Ice        24%        N/A       12%         5
 Stone Arrow              Conj/Erth      38%        3d9       14%         3
 Blink                    Tloc           20%        N/A       17%         2
 Lesser Beckoning         Tloc           20%        N/A       17%         2
 Silence                  Hex/Air        16%        N/A       38%         5
 Airstrike                Air            5%         2d(1-17)  73%         4
 Passage of Golubria      Tloc           10%        N/A       73%         4
 Summon Lightning Spire   Summ/Air       10%        N/A       73%         4
 Fireball                 Conj/Fire      9%         3d6       80%         5
 Agony                    Necr           10%        N/A       97%         5
 Simulacrum               Ice/Necr       12%        N/A       99%         6
 Plasma Beam              Fire/Air       5%         2x1d17    100%        6
 Starburst                Conj/Fire      9%         6d5       100%        6
 Ozocubu's Refrigeration  Ice            20%        4d11      100%        7
 Lehudib's Crystal Spear  Conj/Erth      9%         10d4      100%        8


Dungeon Overview and Level Annotations

Branches:
Dungeon (11/15)            Temple (1/1) D:7            Lair (3/5) D:11
 Spider (0/4) Lair:2          Orc (0/2) D:10
  Swamp: Lair:2-3    Shoals: Lair:2-3

Altars:
Ashenzari
Cheibriados
Dithmenos
Elyvilon
Fedhas
Gozag
Hepliaklqana
Kikubaaqudgha
Makhleb
Nemelex Xobeh
Okawaru
Qazlal
Ru
Sif Muna
Trog
Vehumet
Wu Jian
Xom
Yredelemnul
Zin
The Shining One

Shops:
D:5 [   D:6 *   D:8 =   D:11 :


Innate Abilities, Weirdness & Mutations

You are very small and have problems with some larger weapons.
You are too small for most types of armour.
You have supernaturally acute eyesight. (SInv)
You cover ground extremely quickly. (Speed+++)


Message History

The swamp worm barely misses you.
You hit the swamp worm but do no damage.
The swamp worm is moderately wounded.
You hit the swamp worm.
The swamp worm is moderately wounded.
The swamp worm bites you!
You hit the swamp worm.
The swamp worm is heavily wounded.
The swamp worm closely misses you.
You hit the swamp worm but do no damage.
The swamp worm is moderately wounded.
The swamp worm closely misses you.
You hit the swamp worm but do no damage.
The swamp worm is moderately wounded.
Unknown command.
Aiming: Ensorcelled Hibernation (safe; 1% risk of failure)
Press: ? - help, Q - select action, (/) - cycle Shift-Dir - straight line, f - swamp worm
Aim: a swamp worm (moderately wounded, umbra, chance to affect: 78%)
The swamp worm barely resists.
The swamp worm bites you!
Unknown command.
The swamp worm fires a harpoon shot at you.
The harpoon shot hits you!
* * * LOW HITPOINT WARNING * * *
You are yanked forward by the harpoon shot.
You feel better. You block the swamp worm's attack.
Aiming: Ensorcelled Hibernation (safe; 1% risk of failure)
Press: ? - help, Q - select action, (/) - cycle Shift-Dir - straight line, f/p - swamp worm
Aim: a swamp worm (moderately wounded, umbra, chance to affect: 78%)
The swamp worm looks drowsy...
The bog body completely misses you.
Unknown command.
The helpless swamp worm fails to defend itself.
You spit the swamp worm like a pig!!!!
You kill the swamp worm!
Dithmenos accepts your kill. The bog body touches you!
* * * LOW HITPOINT WARNING * * *
The bog body freezes you!
You die...

#..............# .#
##..............#
###.#
#...............# ####
.... #..............#
#... ..P
#..............#
#...#..
♣♣♣♣♣♣♣♣.......## #
#..... ♣♣♣♣♣♣♣ ♣♣♣
♣♣♣♣♣....#
#.#....♣♣♣~~≈♣~♣≈≈~♣
♣♣..##
#.....⌠.......@...♣
♣...#
##....⌠...♣...♣n♣.....
♣.>##
#....(♣♣♣~≈≈~~≈~~~~~♣
♣♣..##
#...#...♣♣♣♣♣♣♣♣♣♣♣♣♣
♣...P#
#####.......(♣♣♣♣♣♣
#...## ##.#..........#
#...## ###..........##
###....# ##........(.#
#.#...## #..........##
#....#


You could see a bog body.

Vanquished Creatures
  Harold (D:10)
  A hydra (Lair:2)
  Erica (D:10)
  2 boulder beetles (Lair:3)
  A manticore (D:11)
  2 black mambas
  A dancing weapon (D:10)
  A torpor snail (Lair:3)
  2 kobold demonologists (D:10)
  5 cane toads
  5 komodo dragons
  An unseen horror (D:10)
  A troll (D:9)
  A polar bear (Lair:3)
  Prince Ribbit (D:9)
  Grinder (D:5)
  A hornet (D:8)
  3 blink frogs (Lair:2)
  A jumping spider (Lair:2)
  A vampire (D:9)
  4 wyverns
  28 yaks
  2 basilisks
  A warg (D:10)
  A steam dragon (D:7)
  A swamp worm (Lair:3)
  3 acid dragons
  6 water moccasins
  8 orc warriors
  An ice beast (D:6)
  5 black bears
  An ogre (D:7)
  2 phantoms (D:5)
  5 centaurs
  2 kobold brigands (D:10)
  6 bullfrogs
  A gnoll sergeant (D:6)
  A scorpion (D:5)
  5 wights
  4 killer bees (D:10)
  2 electric eels (Lair:2)
  2 hounds
  3 jellies
  3 orc priests
  Jessica (D:2)
  2 sleepcaps
  Natasha (thrice) (D:2)
  2 iguanas
  8 orc wizards
  4 gnolls
  8 adders
  A white imp (D:5)
  An ufetubus (D:6)
  29 orcs
  8 ball pythons
  8 endoplasms
  5 giant cockroaches
  7 goblins
  2 hobgoblins (D:1)
  5 quokkas
  3 frilled lizards
  5 kobolds
  8 rats
240 creatures vanquished.

Vanquished Creatures (collateral kills)
  An orc warrior (D:9)
  2 wights (D:8)
3 creatures vanquished.

Vanquished Creatures (others)
  A dancing weapon (D:10)
  Ijyb (D:5)
2 creatures vanquished.

Grand Total: 245 creatures vanquished

Notes
Turn   | Place    | Note
-------+----------+-------------------------------------------
     0 | D:1      | LynnLen the Spriggan Enchanter began the quest for the Orb.
     0 | D:1      | Reached XP level 1. HP: 9/9 MP: 5/5
   306 | D:1      | Reached XP level 2. HP: 13/13 MP: 6/6
   585 | D:1      | Learned a level 2 spell: Ensorcelled Hibernation
   962 | D:2      | Noticed Natasha
  1133 | D:2      | Reached skill level 1 in Ice Magic
  1133 | D:2      | Reached XP level 3. HP: 15/17 MP: 1/8
  1201 | D:2      | Learned a level 3 spell: Confusing Touch
  1205 | D:2      | Learned a level 3 spell: Tukima's Dance
  1251 | D:2      | Noticed Jessica
  1273 | D:2      | Killed Jessica
  1368 | D:2      | Killed Natasha
  1369 | D:2      | Reached skill level 5 in Stealth
  1369 | D:2      | Reached XP level 4. HP: 21/21 MP: 4/9
  1506 | D:2      | Identified the +8 mace "Zufuiset" {venom, Str+2}
  1537 | D:2      | Noticed Natasha
  1716 | D:2      | Killed Natasha
  1717 | D:2      | Reached skill level 1 in Fighting
  1717 | D:2      | Reached XP level 5. HP: 25/25 MP: 7/10
  2102 | D:2      | Noticed Natasha
  2112 | D:2      | Killed Natasha
  2841 | D:3      | Found a burning altar of Makhleb.
  3417 | D:4      | You are sucked into a shaft and drop 2 floors!
  3424 | D:6      | Reached skill level 5 in Hexes
  3424 | D:6      | Reached XP level 6. HP: 30/30 MP: 7/12
  4095 | D:5      | Entered Level 5 of the Dungeon
  4599 | D:4      | Found a sparkling altar of Nemelex Xobeh.
  4684 | D:5      | Noticed Grinder
  4694 | D:5      | Killed Grinder
  4695 | D:5      | Reached skill level 6 in Stealth
  4695 | D:5      | Reached XP level 7. HP: 34/34 MP: 12/14
  4801 | D:5      | Found an ancient bone altar of Kikubaaqudgha.
  4950 | D:5      | Found Memethro's Antique Armour Boutique.
  5282 | D:5      | Reached skill level 1 in Shields
  5381 | D:5      | Noticed Ijyb
  5399 | D:5      | Killed Ijyb
  5975 | D:6      | Reached XP level 8. HP: 39/39 MP: 1/15
  6284 | D:6      | Found an opulent altar of Gozag.
  6288 | D:6      | Found Gozag's Platinum Reserve.
  6603 | D:6      | Reached skill level 7 in Stealth
  6686 | D:6      | Learned a level 1 spell: Freeze
  6690 | D:6      | Learned a level 3 spell: Frozen Ramparts
  6694 | D:6      | Learned a level 3 spell: Hailstorm
  6745 | D:7      | Reached skill level 5 in Spellcasting
  6987 | D:7      | Found a staircase to the Ecumenical Temple.
  6994 | Temple   | Entered the Ecumenical Temple
  7055 | Temple   | Became a worshipper of Dithmenos the Shadowed
  7929 | D:8      | Reached XP level 9. HP: 44/44 MP: 18/18
  8084 | D:8      | Learned a level 3 spell: Ozocubu's Armour
  8221 | D:8      | Reached skill level 5 in Short Blades
  8221 | D:8      | Reached skill level 8 in Stealth
  8234 | D:8      | Reached skill level 1 in Invocations
  8331 | D:8      | Found Koppifo's Jewellery Shoppe.
  8364 | D:8      | Reached skill level 1 in Conjurations
  8940 | D:8      | Reached * piety under Dithmenos
  9126 | D:9      | Noticed a troll
  9278 | D:9      | Killed a troll
  9360 | D:9      | Reached XP level 10. HP: 34/49 MP: 9/20
  9578 | D:9      | Reached skill level 9 in Stealth
  9998 | D:9      | Reached skill level 5 in Ice Magic
 10054 | D:9      | Found a glowing golden altar of the Shining One.
 10056 | D:9      | Found a stormy altar of Qazlal.
 10109 | D:9      | Noticed Prince Ribbit
 10116 | D:9      | Killed Prince Ribbit
 10198 | D:9      | Found a snail-covered altar of Cheibriados.
 10281 | D:10     | Entered Level 10 of the Dungeon
 10597 | D:10     | Found a staircase to the Orcish Mines.
 10849 | D:10     | Reached ** piety under Dithmenos
 10876 | D:10     | Learned a level 5 spell: Yara's Violent Unravelling
 10941 | D:10     | Noticed Harold
 11037 | D:10     | Killed Harold
 11038 | D:10     | Reached skill level 1 in Transmutations
 11226 | D:10     | Noticed Erica
 11247 | D:10     | Found a hazy altar of Hepliaklqana.
 11265 | D:10     | Reached skill level 10 in Stealth
 11269 | D:10     | Reached XP level 11. HP: 47/54 MP: 16/23
 11417 | D:10     | Killed Erica
 11636 | D:10     | Found a radiant altar of Vehumet.
 11646 | D:10     | Found a bloodstained altar of Trog.
 11717 | D:10     | Noticed a soul eater
 11727 | D:10     | Noticed a sun demon
 12319 | D:11     | Found Arhocili's Book Boutique.
 12843 | D:11     | Found a staircase to the Lair.
 12984 | Lair:1   | Entered Level 1 of the Lair of Beasts
 13000 | Lair:1   | Noticed a death yak
 13002 | Lair:1   | Noticed a death yak
 13002 | Lair:1   | Noticed a death yak
 13011 | Lair:1   | Noticed a death yak
 13454 | Lair:2   | Found a hole to the Spider Nest.
 13495 | Lair:2   | Reached skill level 5 in Fighting
 13684 | Lair:2   | Noticed a four-headed hydra
 13805 | Lair:2   | Killed a four-headed hydra
 14249 | Lair:2   | Reached *** piety under Dithmenos
 14482 | Lair:2   | Reached skill level 11 in Stealth
 14764 | D:8      | Bought the ring of Myifam Gosops {AC+4 Int+3} for 591 gold
                  | pieces
 14897 | Lair:3   | Noticed a boulder beetle
 15000 | Lair:3   | Noticed a boulder beetle
 15003 | Lair:3   | Reached XP level 12. HP: 60/60 MP: 25/25
 15009 | Lair:3   | Killed a boulder beetle
 15020 | Lair:3   | Killed a boulder beetle
 15637 | Lair:3   | Reached skill level 5 in Invocations
 15935 | Lair:3   | Slain by a bog body

Illustrated notes

Levels and vault maps discovered:
D:1:      dpeg_arrival_ratfight, layout_basic, dk_noncrumbling_4, st_stairs_12
D:2:      layout_basic, nrook_mini_backslash, uniq_jessica, uniq_natasha
D:3:      layout_basic, lemuel_crystal_altar, minmay_cupped
D:4:      layout_loops_ring, nemelex_dance_club_becter
D:5:      layout_cave_pods, lemuel_crystal_altar, kennysheep_windowed_goal,
          uniq_grinder, uniq_ijyb
D:6:      layout_basic, nicolae_gozag_zags_fifth_avenue
D:7:      layout_layer_cave, minmay_temple_entry_fiery, minmay_misc_feat_hallway
D:8:      layout_basic, grunt_decor_fettered, minmay_shop_enchanted_jewellery,
          chequers_serial_rivers_micro_b
D:9:      layout_roguey, nicolae_overflow_hidden_temple, uniq_prince_ribbit1
D:10:     layout_irregular_city, mainiacjoe_overflow_tiny_flanked,
          mainiacjoe_overflow_big_doors, david_orc_1_choice, uniq_harold,
          uniq_erica
D:11:     layout_small_grid, grunt_lair_entry_orc_guard_hut, serial_shops,
          nicolae_shop_tiny_real_fake_doors
Temple:   nicolae_temple_ecumenical_triangle
Lair:1:   layout_regular_city
Lair:2:   layout_misc_corridors, spider_nest_entry_rubble, serial_bayou_shore_a,
          lemuel_fruit_tree
Lair:3:   layout_long_grid, nicolae_swamp_entry_splash_gauntlet,
          ebering_ghost_disaster_area, small_statue_intersection

Skill      XL: |  1  2  3  4  5  6  7  8  9 10 11 12 |
---------------+-------------------------------------+-----
Hexes          | 4 5 6 7 8 9 |  9.5
Spellcasting   | 3 4 5 6 7 8 |  8.6
Ice Magic      | 1 2 3 4 5 6 |  6.2
Stealth        | 5 6 7 8 10 11 | 11.4
Short Blades   | 2 3 4 6 7 9 |  9.5
Fighting       | 1 2 3 4 5 |  5.4
Shields        | 1 2 3 4 |  4.7
Invocations    | 2 3 4 5 |  5.0
Conjurations   | 1 2 3 |  3.9
Transmutations | 1 3 4 |  4.7
Dodging        | |  2.6

Action                     |  1- 3 |  4- 6 |  7- 9 | 10-12 || total
---------------------------+-------+-------+-------+-------++-------
  Melee: Dagger            |    48 |   166 |   264 |   296 ||   774
         Punch             |     2 |     1 |       |       ||     3
   Cast: Ensorcelled Hiber |    10 |    21 |    29 |   101 ||   161
         Confusing Touch   |       |     6 |    13 |    16 ||    35
         Tukima's Dance    |       |       |     6 |     9 ||    15
         Freeze            |       |       |     4 |     2 ||     6
         Frozen Ramparts   |       |       |     2 |     3 ||     5
         Ozocubu's Armour  |       |       |     1 |     3 ||     4
         Hailstorm         |       |       |       |     4 ||     4
    Use: Scroll            |     2 |     6 |     4 |    10 ||    22
         Potion            |       |     1 |     4 |     7 ||    12
   Stab: Sleeping          |    12 |    23 |    33 |    87 ||   155
         Confused          |       |     6 |    12 |    12 ||    30
         Distracted        |       |       |     1 |       ||     1
         Invisible         |       |       |       |     2 ||     2
 Armour: Robe              |     4 |    25 |    29 |    43 ||   101
  Dodge: Dodged            |    23 |   106 |   168 |   186 ||   483
  Block: Buckler           |       |       |    33 |    63 ||    96
